 Dungeon Crawl Stone Soup version 0.18-a0-1797-gc18daef (webtiles) character file.

306 graki42 the Sneak (level 6, -2/41 HPs)
             Began as a Halfling Assassin on Apr 22, 2016.
             Was an Initiate of Dithmenos.
             Killed by nerve-wracking pain
             ... invoked by braks's ghost
              (13 damage)
             ... on level 4 of the Dungeon.
             The game lasted 00:08:47 (2688 turns).

graki42 the Sneak (Halfling Assassin)               Turns: 2688, Time: 00:08:48

Health: -2/41      AC:  3    Str: 11    XL:     6   Next: 67%
Magic:  15/15      EV: 16    Int: 10    God:    Dithmenos [......]
Gold:   164        SH:  0    Dex: 18    Spells: 0 memorised, 5 levels left

rFire  . . .     SeeInvis .     j - +1 dagger (venom)
rCold  . . .     Gourm    .     c - +0 robe
rNeg   . . .     Faith    .     (shield restricted)
rPois  .         Spirit   .     (no helmet)
rElec  .         Dismiss  .     d - +0 cloak
rCorr  .         Reflect  .     (no gloves)
SustAt .         Harm     .     (no boots)
MR     .....                    (no amulet)
Stlth  ++++......               (no ring)
                                q - ring of magical power

@: not resistant to hostile enchantments, stealthy
A: mutation resistance 1
a: Renounce Religion


You were on level 4 of the Dungeon.
You worshipped Dithmenos.
Dithmenos was noncommittal.
You were hungry.

You visited 2 branches of the dungeon, and saw 5 of its levels.

You collected 164 gold pieces.

Inventory:

Hand Weapons
 a - a +2 dagger
 b - a +0 blowgun
 j - a +1 dagger of venom (weapon)
 y - a cursed -1 greatsling
Missiles
 e - 8 poisoned needles
 f - 2 curare-tipped needles
 A - 7 poisoned tomahawks (quivered)
Armour
 c - a +0 robe (worn)
 d - a +0 cloak (worn)
 r - a +0 pair of gloves
Jewellery
 q - a ring of magical power (left hand)
Wands
 C - a wand of random effects (27/48)
Scrolls
 i - a scroll of fear
 t - a scroll of amnesia
 u - 4 scrolls of identify
Potions
 h - a potion of heal wounds
 k - a potion of magic {unknown}
 l - a potion of degeneration {unknown}
 s - 5 potions of curing {unknown}
 v - a potion of might {unknown}
 B - 2 potions of agility {unknown}
 D - 2 potions of berserk rage {unknown}
Comestibles
 g - 3 bread rations
 m - 2 meat rations
 x - 3 fruits
 z - a slice of pizza
 E - a royal jelly


   Skills:
 + Level 2.4 Fighting
 + Level 3.8 Short Blades
 + Level 2.6 Throwing
 + Level 3.1 Dodging
 + Level 7.0 Stealth


You had 5 spell levels left.
You didn't know any spells.

Dungeon Overview and Level Annotations

Branches:
Dungeon (4/15)             Temple (1/1) D:4

Altars:
Ashenzari
Cheibriados
Dithmenos
Nemelex Xobeh
Okawaru
Qazlal
Trog
Vehumet
Xom
Yredelemnul
Zin

Annotations:
D:4 braks's ghost, amateur TeNe


Innate Abilities, Weirdness & Mutations

You are small and have problems with some larger weapons.
You are somewhat resistant to further mutation.


Message History

You hear the rusting of a very distant drain.
Level annotation: braks's ghost, amateur TeNe
There is a staircase to the Ecumenical Temple here.
Braks's ghost completely misses you. Braks's ghost closely misses you.
Braks's ghost gestures at you while chanting.
Pain shoots through your body! Braks's ghost hits you.
Braks's ghost casts a spell at you. Pain shoots through your body!
Things that are here:
a halberd; a gnoll corpse Braks's ghost gestures at you while chanting.
Pain shoots through your body!
Braks's ghost points at you and mumbles some strange words.
Pain shoots through your body!
* * * LOW HITPOINT WARNING * * *
Braks's ghost points at you and mumbles some strange words.
Pain shoots through your body!
You die...

#..........# #.
#..........# #.
#...g......# #.
#..........# #.
#..)......<# #.
#..........# #.
#..........# ##
##########..........#
#.....W....@........#
#.###################
#.# #.### #...#####
#.#....$# #.......#
#..$....# #.#...#.#


You could see braks's ghost and a gnoll (wandering).

Vanquished Creatures
  A centaur (D:3)
  A centaur skeleton (D:3)
  Jessica (D:2)
  Ijyb (D:3)
  2 gnolls (D:4)
  5 adders
  An ooze (D:3)
  2 worms (D:2)
  3 dart slugs
  4 giant geckos
  5 orcs (D:3)
  6 bats
  4 giant cockroaches (D:1)
  3 goblins
  3 hobgoblins
  3 jackals (D:2)
  7 kobolds
  2 quokkas
  A ball python (D:2)
  2 giant newts
  9 rats
66 creatures vanquished.

Vanquished Creatures (others)
  A goblin (D:2)
1 creature vanquished.

Grand Total: 67 creatures vanquished

Notes
Turn   | Place    | Note
--------------------------------------------------------------
     0 | D:1      | graki42 the Halfling Assassin began the quest for the Orb.
     0 | D:1      | Reached XP level 1. HP: 14/14 MP: 1/1
    97 | D:1      | Reached XP level 2. HP: 19/19 MP: 2/2
   183 | D:1      | Found a snail-covered altar of Cheibriados.
   198 | D:1      | Reached skill level 5 in Stealth
   362 | D:1      | Reached XP level 3. HP: 24/24 MP: 3/3
   505 | D:2      | Found a glowing silver altar of Zin.
   509 | D:2      | Noticed an angel
   513 | D:2      | Found a shimmering altar of Xom.
   699 | D:2      | Reached XP level 4. HP: 22/29 MP: 4/4
  1058 | D:2      | Noticed Jessica
  1061 | D:2      | Killed Jessica
  1061 | D:2      | Reached skill level 6 in Stealth
  1189 | D:2      | Reached XP level 5. HP: 28/34 MP: 5/5
  1453 | D:3      | Noticed Ijyb
  1460 | D:3      | Killed Ijyb
  1484 | D:3      | Noticed a centaur
  1498 | D:3      | Killed a centaur
  1498 | D:3      | Reached XP level 6. HP: 8/39 MP: 6/6
  2106 | D:3      | Reached skill level 7 in Stealth
  2540 | D:4      | Noticed braks's ghost (amateur TeNe)
  2547 | D:4      | Found a staircase to the Ecumenical Temple.
  2559 | Temple   | Entered the Ecumenical Temple
  2644 | Temple   | Became a worshipper of Dithmenos the Shadowed
  2688 | D:4      | Killed from afar by braks's ghost

Vault maps used:
D:1:      wheals_arrival_shading, minmay_misc_feat_more_columns,
          cheibriados_altar_1
D:2:      grunt_temple_overflow_order_and_chaos_1, first_bread, uniq_jessica
D:3:      uniq_iyjb
D:4:      temple_hall, portal_sewer_entry_b, uniq_robin, uniq_grinder,
          uniq_edmund
Temple:   nicolae_temple_figure_zero

Skill      XL: |  1  2  3  4  5  6 |
---------------+-------------------+-----
Stealth        | 5 6 7 |  7.0
Fighting       | 2 |  2.4
Short Blades   | 3 |  3.8
Dodging        | 2 3 |  3.1
Throwing       | |  2.6

Action                   |  1- 3 |  4- 6 || total
-------------------------+-------+-------++-------
Melee: Dagger            |    60 |   132 ||   192
Throw: Tomahawk          |       |     1 ||     1
  Use: Scroll            |       |     7 ||     7
 Stab: Sleeping          |    10 |     8 ||    18
  Eat: Chunk             |       |     5 ||     5
Armor: Robe              |     8 |    12 ||    20
Dodge: Dodged            |    30 |    89 ||   119
